 Dungeon Crawl Stone Soup version 0.26.1-10-gdfb7c7de75 (webtiles) character file.

Game seed: 9756529630882279220

13463 H0rd4k the Slicer (level 12, -2/95 HPs)
             Began as a Human Artificer on Apr 12, 2021.
             Was an Initiate of Gozag.
             Engulfed by an ice statue's freezing vapour (22 damage)
             ... in a Gauntlet.
             The game lasted 00:31:46 (20547 turns).

H0rd4k the Slicer (Human Artificer)                Turns: 20547, Time: 00:31:46

Health: -2/95      AC: 11    Str: 17    XL:     12   Next: 33%
Magic:  12/12      EV: 14    Int: 16    God:    Gozag
Gold:   1621       SH:  0    Dex: 13    Spells: 6/11 levels left

rFire    + . .     SeeInvis .   c - +4 dagger (venom)
rCold    . . .     Faith    .   (no shield)
rNeg     . . .     Spirit   .   z - +5 ring mail of Niynk {rPois rF+ Int+3}
rPois    +         Reflect  .   (no helmet)
rElec    .         Harm     .   A - scarf {repulsion}
rCorr    .         Rampage  .   (no gloves)
Will     .....     NoTele   +   (no boots)
Stlth    ++........             (no amulet)
HPRegen  0.25/turn              w - ring of wizardry
MPRegen  0.13/turn              S - ring of poison resistance

@: repel missiles
A: no striking features
a: Renounce Religion, Potion Petition, Call Merchant, Bribe Branch


You were in a Gauntlet.
You worshipped Gozag.
Gozag was most pleased with you.
You visited 3 branches of the dungeon, and saw 15 of its levels.
You also visited: Gauntlet.

You collected 1731 gold pieces.
You paid 110 gold pieces to Gozag.

Inventory:

Hand Weapons
 c - a +4 dagger of venom (weapon)
 d - a +0 hunting sling of freezing
 h - a +0 dagger
 U - a cursed -3 falchion
Missiles
 m - 13 poisoned darts
 r - 10 curare-tipped darts (quivered)
Armour
 k - a scarf of invisibility
 s - the +6 plate armour "Ugocuf" {Str+3}
   (You found it on level 5 of the Dungeon)

   It affects your strength (+3).
 z - the +5 ring mail of Niynk (worn) {rPois rF+ Int+3}
   (You found it on level 9 of the Dungeon)

   It affects your intelligence (+3).
   It protects you from fire.
   It protects you from poison.
 A - a scarf of repulsion (worn)
 V - a scarf of invisibility
Jewellery
 w - a ring of wizardry (left hand)
 x - an uncursed ring of resist corrosion
 y - a +6 ring of intelligence
 N - an uncursed ring of fire
 S - a ring of poison resistance (right hand)
Wands
 e - a wand of random effects (2)
 g - a wand of paralysis (9)
 j - a wand of digging (6)
 B - a wand of iceblast (22)
 M - a wand of acid (2)
 P - a wand of polymorph (6)
Scrolls
 l - 6 scrolls of amnesia
 n - a scroll of fog
 q - 4 scrolls of enchant armour
 t - 4 scrolls of remove curse
 u - a scroll of blinking
 F - 5 scrolls of teleportation
 I - 8 scrolls of identify
 J - a scroll of magic mapping
 L - a scroll of brand weapon {unknown}
 O - a scroll of enchant weapon
 R - a scroll of fear
 T - a scroll of vulnerability {unknown}
Potions
 a - a potion of might {unknown}
 b - a potion of resistance
 f - a potion of heal wounds
 i - 8 potions of curing
 p - a potion of magic {unknown}
 v - a potion of berserk rage {unknown}
 C - a potion of invisibility {unknown}
 D - a potion of cancellation
 E - 3 potions of haste
 G - a potion of ambrosia {unknown}
 H - a potion of flight {unknown}
 K - a potion of mutation {unknown}
 Q - a potion of attraction {unknown}
Miscellaneous
 o - a phantom mirror


   Skills:
 + Level 9.2 Fighting
 + Level 11.3 Short Blades
 + Level 2.3 Throwing
 - Level 7.9 Armour
 + Level 6.7 Dodging
 + Level 4.7 Stealth
 * Level 0.3 Spellcasting
 * Level 0.3 Hexes
 * Level 0.6 Summonings
 * Level 0.3 Air Magic
 + Level 5.3 Evocations


You had 6 spell levels left.
You knew the following spells:

 Your Spells              Type           Power        Failure   Level
a - Swiftness             Air            1%           21%         2
b - Summon Guardian Gole  Hex/Summ       1%           36%         3

Your spell library contained the following spells:

 Spells                   Type           Power        Failure   Level
 Summon Small Mammal      Summ           8%           12%         1
 Shock                    Conj/Air       0%           16%         1
 Call Imp                 Summ           2%           19%         2
 Call Canine Familiar     Summ           2%           34%         3
 Static Discharge         Conj/Air       0%           41%         3
 Summon Lightning Spire   Summ/Air       1%           75%         4
 Airstrike                Air            0%           77%         4
 Summon Ice Beast         Ice/Summ       1%           77%         4
 Lightning Bolt           Conj/Air       0%           98%         5


Dungeon Overview and Level Annotations

Branches:
Dungeon (11/15)            Temple (1/1) D:4            Lair (3/6) D:10
  Swamp (0/4) Lair:2          Orc (0/2) D:10        Gauntlet (1/1)
  Snake: Lair:2-4    Spider: Lair:2-4

Altars:
Ashenzari
Cheibriados
Dithmenos
Elyvilon
Fedhas
Gozag
Hepliaklqana
Kikubaaqudgha
Makhleb
Nemelex Xobeh
Okawaru
Qazlal
Ru
Sif Muna
Uskayaw
Vehumet
Wu Jian
Xom
Yredelemnul
Zin
The Shining One

Shops:
D:10 ([

Annotations:
D:5 exclusion: phantom, Grinder, Menkaure
D:9 2 transporters, exclusion: downstairs, Flure's ghost, novice FeBe
Lair:2 2 transporters Gauntlet 9 transporters, exclusion: ice statue


Message History

The ice statue is lightly damaged.
Aiming: Corrosive Bolt
Press: ? - help, Shift-Dir - straight line, f/p - ice statue
Aim: an ice statue (lightly damaged, 0% to evade)
The bolt of acid hits the ice statue!!
The ice statue is splashed with acid.
The ice statue is heavily damaged.
The ice statue gestures at you. The freezing blast misses you.
Aiming: Corrosive Bolt
Press: ? - help, Shift-Dir - straight line, f/p - ice statue
Aim: an ice statue (heavily damaged, 0% to evade)
The bolt of acid hits the ice statue.
The ice statue is splashed with acid.
The acid corrodes the ice statue!
The ice statue is severely damaged.
You are engulfed in freezing vapours.
* * * LOW HITPOINT WARNING * * *
The ice statue gestures.
You are engulfed in freezing vapours.
You die...
Your body crumbles into a pile of gold.

.§.§.........................§.§.
.................................
#########..#########..#########..
#.......#..#.......#..#.......#..
#..#.#..#..#.°8.##.#..#..#....#..
#$.#.#.x####...○##○####.###...#..
#©.#©#.X#©©#©###Y○○#©©#©.#©#..#©.
#!.#.#.X####?###○☼.####...###.#..
#[.#.#.x#..#.###@#○#..#)...#..#..
#......x#..#....☼..#..#.......#..
#########..#########..#########..
................................∩
.................................
###########..###########..#######
#=...≈...4#..##5355...##..#545#.#
#≈≈.≈≈.≈≈4#..#.#5....#.#..#5.#...
#..≈..≈≈.2#..#..#...#..#..#!##...


You could see 2 hellwings, a sixfirhy, an ice beast (summoned) and 4 ufetubi.

Vanquished Creatures
  Erica (D:10)
  A death yak (D:9)
  2 two-headed ogres
  Sonja (Lair:1)
  Pikel (D:7)
  An ugly thing (D:11)
  A black mamba (Lair:2)
  A centaur zombie (D:11)
  2 cane toads
  2 komodo dragons (Lair:1)
  A rime drake (Gauntlet)
  2 gargoyles
  A queen bee (Gauntlet)
  A troll (D:10)
  3 blink frogs (Lair:1)
  A wyvern (D:11)
  4 yaks
  A wraith (D:10)
  A basilisk (D:11)
  6 water moccasins
  A sky beast (D:8)
  5 orc warriors
  A black bear (D:6)
  An eye of draining (D:11)
  6 wolves (Lair:1)
  3 ogres
  3 centaurs
  A lemure (D:7)
  9 bullfrogs
  A wyvern skeleton (D:11)
  2 scorpions
  7 killer bees
  5 wights (D:8)
  2 howler monkeys (D:7)
  A quasit (D:10)
  3 hounds
  3 centaur skeletons
  2 jellies
  2 orc priests
  2 iguanas
  12 orc wizards
  12 worker ants
  2 hound zombies
  3 gnolls (D:6)
  19 adders
  4 shadow imps
  A white imp (D:7)
  2 ufetubi
  An ooze (D:1)
  2 adder skeletons
  4 worms
  3 dart slugs
  A leopard gecko (D:3)
  30 orcs
  7 bats
  8 giant cockroaches
  6 goblins
  7 hobgoblins
  6 jackals
  7 kobolds
  2 quokkas
  3 ball pythons
  5 frilled lizards
  A jackal skeleton (D:6)
  A quokka skeleton (D:7)
  3 rats
246 creatures vanquished.

Vanquished Creatures (collateral kills)
  An ice beast (D:10)
  A jelly (D:11)
  A worker ant (D:8)
  An adder (D:6)
  A howler monkey skeleton (D:6)
  A shadow imp (D:10)
  6 orcs
  A giant cockroach (D:2)
  A jackal (D:2)
14 creatures vanquished.

Vanquished Creatures (others)
  A worker ant (D:6)
  An orc (D:2)
  2 fungi (Lair:1)
  A plant (Lair:1)
5 creatures vanquished.

Grand Total: 265 creatures vanquished

Notes
Turn   | Place    | Note
-------+----------+-------------------------------------------
     0 | D:1      | H0rd4k the Human Artificer began the quest for the Orb.
     0 | D:1      | Reached XP level 1. HP: 15/15 MP: 1/1
   248 | D:1      | Reached XP level 2. HP: 21/21 MP: 2/2
   691 | D:1      | Reached XP level 3. HP: 16/26 MP: 3/3
  2198 | D:2      | Reached XP level 4. HP: 19/33 MP: 4/4
  2686 | D:2      | Reached skill level 1 in Short Blades
  3395 | D:2      | Reached XP level 5. HP: 38/38 MP: 5/5
  3909 | D:2      | Found a radiant altar of Vehumet.
  3926 | D:2      | Found a hazy altar of Hepliaklqana.
  4283 | D:3      | Found a burning altar of Makhleb.
  4296 | D:3      | Reached skill level 1 in Throwing
  4507 | D:3      | Reached XP level 6. HP: 15/46 MP: 6/6
  5303 | D:3      | Found an iron altar of Okawaru.
  5305 | D:3      | Found a glowing golden altar of the Shining One.
  5310 | D:3      | Found a stormy altar of Qazlal.
  5658 | D:3      | Found a white marble altar of Elyvilon.
  5908 | D:4      | Found a staircase to the Ecumenical Temple.
  5929 | D:4      | Reached skill level 2 in Short Blades
  5948 | Temple   | Entered the Ecumenical Temple
  6365 | D:4      | Noticed an ogre
  6388 | D:4      | Killed an ogre
  6389 | D:4      | Reached XP level 7. HP: 35/51 MP: 7/7
  6802 | D:4      | Reached skill level 3 in Short Blades
  7438 | D:5      | Entered Level 5 of the Dungeon
  7602 | D:5      | Noticed Menkaure
  7721 | D:5      | Noticed Grinder
  7814 | D:5      | Got a distressingly furry plate armour
  8126 | D:6      | Identified the +6 plate armour "Ugocuf" {Str+3} (You found
                  | it on level 5 of the Dungeon)
  8443 | D:6      | Reached skill level 4 in Short Blades
  8443 | D:6      | Reached XP level 8. HP: 46/57 MP: 8/8
  8806 | D:6      | Reached skill level 5 in Short Blades
  8941 | D:6      | Reached skill level 5 in Armour
  9057 | D:7      | Found a sparkling altar of Nemelex Xobeh.
  9231 | D:7      | Noticed Pikel
  9255 | D:7      | Killed Pikel
  9256 | D:7      | Reached skill level 6 in Short Blades
  9256 | D:7      | Reached XP level 9. HP: 57/66 MP: 9/9
  9730 | D:7      | Found a faded altar of an unknown god.
  9730 | D:7      | Found an ornate altar of the Wu Jian Council.
  9738 | D:7      | Found an opulent altar of Gozag.
  9740 | D:7      | Found a shadowy altar of Dithmenos.
  9742 | D:7      | Found a shimmering blue altar of Sif Muna.
  9745 | D:7      | Became a worshipper of Gozag Ym Sagoz the Greedy
  9945 | D:7      | Noticed a two-headed ogre
  9973 | D:7      | Killed a two-headed ogre
  9974 | D:7      | Reached skill level 5 in Fighting
  9974 | D:7      | Reached skill level 7 in Short Blades
 10018 | D:7      | Found a glowing silver altar of Zin.
 10018 | D:7      | Noticed an angel
 10250 | D:8      | Noticed a two-headed ogre
 10274 | D:8      | Killed a two-headed ogre
 10275 | D:8      | Reached skill level 8 in Short Blades
 10275 | D:8      | Reached XP level 10. HP: 36/74 MP: 10/10
 11347 | D:9      | Got a translucent ring mail
 11444 | D:8      | Identified the +5 ring mail of Niynk {rPois rF+ Int+3} (You
                  | found it on level 9 of the Dungeon)
 11461 | D:9      | Found a transporter.
 11463 | D:9      | Noticed Flure's ghost (novice FeBe)
 11463 | D:9      | Noticed a komodo dragon
 11467 | D:9      | Noticed a moth of wrath
 11479 | D:9      | Noticed a catoblepas
 11533 | D:9      | Found a transporter.
 11570 | D:9      | Reached skill level 9 in Short Blades
 11953 | D:10     | Entered Level 10 of the Dungeon
 11953 | D:10     | Noticed a death yak
 11953 | D:10     | Noticed a death yak
 11982 | D:10     | Found a staircase to the Orcish Mines.
 11992 | D:10     | Found Edocs's Antique Weapon Shop.
 12037 | D:10     | HP: 1/76 [troll (16)]
 12397 | D:10     | Found Axompur's Antique Armour Shoppe.
 12457 | D:10     | Noticed a death yak
 12585 | D:10     | Noticed a gargoyle
 12596 | D:10     | Noticed Erica
 12618 | D:10     | Killed Erica
 12752 | D:10     | Noticed a death yak
 12755 | D:10     | Noticed a death yak
 12779 | D:10     | Noticed a death yak
 12811 | D:9      | Killed a death yak
 12812 | D:9      | Reached XP level 11. HP: 21/83 MP: 11/11
 13115 | D:10     | Reached skill level 10 in Short Blades
 13200 | D:10     | Found a staircase to the Lair.
 14244 | D:11     | Reached skill level 5 in Evocations
 14497 | D:11     | Reached skill level 5 in Dodging
 15274 | D:11     | HP: 2/84 [something (5)]
 15617 | D:11     | Noticed a green ugly thing
 15644 | D:11     | Killed a green ugly thing
 16031 | Lair:1   | Entered Level 1 of the Lair of Beasts
 16031 | Lair:1   | Noticed Sonja
 16039 | Lair:1   | Killed Sonja
 16745 | Lair:1   | Reached skill level 11 in Short Blades
 16800 | Lair:1   | Reached XP level 12. HP: 41/94 MP: 12/12
 18361 | Lair:2   | Found a transporter.
 18368 | Lair:2   | Noticed a fire crab
 18557 | Lair:2   | Found a transporter.
 19136 | Lair:2   | Found a staircase to the Swamp.
 19625 | Lair:2   | Learned a level 2 spell: Swiftness
 19629 | Lair:2   | Learned a level 3 spell: Summon Guardian Golem
 19725 | Lair:3   | Found a gate leading to a gauntlet.
 19734 | Gauntlet | Entered a Gauntlet
 19734 | Gauntlet | Found a transporter.
 19734 | Gauntlet | Found a transporter.
 19747 | Gauntlet | Found a transporter.
 19747 | Gauntlet | Found a transporter.
 19755 | Gauntlet | Found a transporter.
 19758 | Gauntlet | Found a transporter.
 19761 | Gauntlet | Noticed a large abomination
 19764 | Gauntlet | Noticed a large abomination
 19769 | Gauntlet | Found a transporter.
 19782 | Gauntlet | Noticed a reaper
 19784 | Gauntlet | Found a transporter.
 19789 | Gauntlet | Found a transporter.
 19792 | Gauntlet | Found a transporter.
 19799 | Gauntlet | Noticed a sixfirhy
 19848 | Gauntlet | Found a transporter.
 19851 | Gauntlet | Found a transporter.
 20547 | Gauntlet | Engulfed by an ice statue's freezing vapour

Illustrated notes

Levels and vault maps discovered:
D:1:      ncdulo_watergridlock, layout_basic
D:2:      layout_basic, nicolae_overflow_hidden_temple
D:3:      layout_loops_cross, minitemple, elyvilon_altar_3,
          makhleb_blood_cavern_becter
D:4:      layout_loops_cross, minmay_temple_entry_trees
D:5:      layout_basic, tgw_trog, uniq_menkaure, uniq_grinder
D:6:      layout_rooms
D:7:      layout_loops_ring, nemelex_xobeh_ov_fountains_minmay,
          chequers_temple_overflow_minitemple, zin_angel, st_stairs_6,
          uniq_crazy_yiuf_cottage, uniq_pikel
D:8:      layout_basic
D:9:      layout_cave_pools, gammafunk_ghost_berserking_beasts,
          dk_noncrumbling_3
D:10:     layout_layer_cave, dpeg_lair_monsters, orc_0_dummy, serial_shops,
          kennysheep_mini, shop, st_stairs_11, uniq_erica
D:11:     layout_irregular_city
Temple:   compressed_dpeg_triangle_lava_temple
Lair:1:   layout_chaotic_city, grunt_megastairs_2, uniq_sonja
Lair:2:   gammafunk_cloud_chamber, layout_cave_pods, swamp_mist_pool,
          serial_bayou_shore_b
Lair:3:   layout_regular_city, ebering_ghost_inner_flame,
          gauntlet_entry_generic, grunt_megastairs_1, serial_bayou_shore_a
Gauntlet: minmay_gauntlet_mixed_big_or_small [gammafunk_gauntlet_arena_chambers,
          minmay_gauntlet_arena_77_double_cross, nicolae_gauntlet_arena_x,
          minmay_gauntlet_arena_77_block_sizes,
          nicolae_gauntlet_arena_flowing_pool,
          minmay_gauntlet_arena_77_chump_sandwich, gauntlet_exit_watery]

Skill      XL: |  1  2  3  4  5  6  7  8  9 10 11 12 |
---------------+-------------------------------------+-----
Short Blades   | 1 2 4 6 8 9 11 | 11.3
Fighting       | 2 4 5 6 8 9 |  9.2
Throwing       | 1 2 |  2.3
Armour         | 3 4 6 7 |  7.9
Dodging        | 2 3 4 6 |  6.7
Stealth        | 2 3 4 |  4.7
Evocations     | 4 5 |  5.3
Spellcasting   | |  0.3
Hexes          | |  0.3
Summonings     | |  0.6
Air Magic      | |  0.3

Action                   |  1- 3 |  4- 6 |  7- 9 | 10-12 || total
-------------------------+-------+-------+-------+-------++-------
Melee: Club              |    42 |       |       |       ||    42
       Dagger            |   122 |   279 |   355 |   963 ||  1719
Throw: Dart              |       |    38 |       |       ||    38
Evoke: Wand              |     4 |    19 |    13 |    13 ||    49
  Use: Scroll            |       |     2 |    13 |     9 ||    24
       Potion            |       |       |       |     3 ||     3
 Stab: Sleeping          |     2 |     1 |     2 |     1 ||     6
       Paralysed         |       |     3 |       |     1 ||     4
       Confused          |       |     1 |       |       ||     1
       Distracted        |       |       |     1 |     1 ||     2
Armor: Leather armour    |    54 |    55 |     9 |       ||   118
       Plate armour      |       |       |   149 |    37 ||   186
       Ring mail         |       |       |       |   172 ||   172
Dodge: Dodged            |    94 |   153 |   109 |   344 ||   700
       Repelled          |       |       |       |     5 ||     5
